 Dungeon Crawl Stone Soup version 0.27.0-1-g7a089689b8 (console) character file.

Game seed: 13283159032751519830

12712 jejorda2 the Fencer (level 11, -2/99 HPs)
             Began as a Pale Draconian Berserker on Aug 12, 2021.
             Was an Elder of Trog.
             Slain by a red devil (13 damage)
             ... summoned by a kobold demonologist
             ... in a bailey.
             The game lasted 00:28:24 (10888 turns).

jejorda2 the Fencer (Pale Draconian Berserker)     Turns: 10888, Time: 00:28:25

Health: -2/99      AC: 14    Str: 20    XL:     11   Next: 66%
Magic:  11/11      EV: 13    Int:  7    God:    Trog [****..]
Gold:   110        SH:  6    Dex: 14    Spells: 10/10 levels left

rFire    . . .     SeeInvis .   a - +0 scimitar
rCold    . . .     Faith    +   p - +0 buckler
rNeg     . . .     Spirit   .   (armour unavailable)
rPois    .         Reflect  .   u - +2 hat
rElec    .         Harm     .   E - +0 cloak {rCorr}
rCorr    +         Rampage  .   i - +0 pair of gloves
Will     ++...                  q - +2 pair of boots
Stlth    +.........             z - amulet of faith
HPRegen  1.26/turn              (no ring)
MPRegen  0.12/turn              (no ring)

@: short of breath, strong-willed (expiring), on berserk cooldown, regenerating
(expiring), slowed, very slow
A: breathe steam, AC +7, unfitting armour, cold-blooded, steam resistance
a: Breathe Steam, Renounce Religion, Berserk, Trog's Hand, Brothers in Arms


You were in a bailey.
You worshipped Trog.
Trog was greatly pleased with you.
You visited 1 branch of the dungeon, and saw 10 of its levels.
You also visited: Bailey.

You collected 375 gold pieces.
You spent 265 gold pieces at shops.

Inventory:

Hand Weapons
 a - a +0 scimitar (weapon)
 b - a +1 short sword of speed
 n - a +0 flail of protection
Missiles
 c - 12 boomerangs
 j - 74 poisoned darts (quivered)
 v - a throwing net
 y - a curare-tipped dart
 C - 4 boomerangs of dispersal
Armour
 i - a +0 pair of gloves (worn)
 p - a +0 buckler (worn)
 q - a +2 pair of boots (worn)
 u - a +2 hat (worn)
 E - a +0 cloak of preservation (worn)
Jewellery
 z - an amulet of faith (around neck)
Wands
 g - a wand of acid (6)
 o - a wand of charming (27)
 r - a wand of polymorph (3)
Scrolls
 d - a scroll of enchant weapon
Potions
 e - 6 potions of curing
 f - 3 potions of lignification
 h - a potion of cancellation {unknown}
 k - a potion of mutation {unknown}
 l - a potion of haste {unknown}
 s - a potion of flight {unknown}
 t - 3 potions of might
 w - a potion of berserk rage {unknown}
 x - a potion of degeneration {unknown}
 A - a potion of ambrosia {unknown}
 B - a potion of brilliance {unknown}


   Skills:
 + Level 9.8 Fighting
 * Level 15.0 Long Blades
 - Level 4.4 Dodging
 - Level 8.0 Shields
 + Level 5.0 Evocations


You had 10 spell levels left.
You didn't know any spells.
Your spell library was empty.

Dungeon Overview and Level Annotations

Branches:
Dungeon (10/15)            Temple (0/1) D:4             Orc (0/2) D:9
 Bailey (1/1)
   Lair: D:8-11

Altars:
Dithmenos
Fedhas
Hepliaklqana
Kikubaaqudgha
Makhleb
Nemelex Xobeh
Okawaru
Qazlal
Trog
Vehumet
Wu Jian
Xom
Yredelemnul
The Shining One

Shops:
D:5 [   D:9 =

Annotations:
D:5 2 runed translucent doors, mg7810's ghost, novice HuFi
D:9 2 transporters


Innate Abilities, Weirdness & Mutations

You can breathe blasts of scalding, opaque steam.
Your pale cyan-grey scales are hard. (AC +7)
You cannot fit into any form of body armour.
You are cold-blooded and may be slowed by cold attacks.
You are immune to the effects of steam.


Message History

Your Long Blades skill increases to level 15!
You slice the orc warrior!!
The orc warrior is heavily wounded.
The red devil hits you from afar with a +0 trident!
* * * LOW HITPOINT WARNING * * *
You slice the orc warrior!!
You kill the orc warrior!
Trog accepts your kill.
The kobold demonologist casts a spell.
Your Evocations skill increases to level 5!
You are no longer berserk.
You are exhausted.
You feel yourself slow down.
The red devil hits you from afar with a +0 trident!
* * * LOW HITPOINT WARNING * * *
Items here: ) [.
Unknown command.
Press: ? - help, Shift-Dir - straight line, f - red devil
Aim: a red devil, wielding a +0 trident (summoned)
You exhale a blast of scalding steam.
The ball of steam hits the red devil.
The red devil resists.
The red devil is lightly wounded.
The white imp gestures at you. You block the puff of frost.
The red devil hits you but does no damage.
The white imp shouts, "Quit, thou beslubbering hedge-born vulture!"
The white imp gestures at you.
The puff of frost hits you but does no damage.
The red devil misses you.
Aiming: Corrosive Bolt
Press: ? - help, Shift-Dir - straight line, f - white imp, p - red devil
Aim: a white imp (summoned, 74% to hit)
The bolt of acid misses the kobold demonologist.
The bolt of acid hits the white imp!
The white imp is splashed with acid.
The acid corrodes the white imp!
You kill the white imp!
You feel the effects of Trog's Hand fading.
The kobold demonologist casts a spell.
The red devil hits you from afar with a +0 trident!
You die...

..≈≈≈≈≈.#.....#
........'.....##....#
........)..⌠..##.._.#
........'.....##....# ##
..≈≈≈≈≈.#.....##..§.#..#
..≈≈≈≈))#''#####4.§.#..#
#.≈≈≈≈≈.#......#.45.#[[#
#≈≈≈≈≈≈.#......#K§..#
#≈≈≈≈≈######...)@..#
#≈≈≈≈≈# #.8.8)8.+
#≈≈≈≈≈# #.......#
#≈≈≈≈≈# #######+#
#≈≈≈≈≈# #≈≈≈≈≈#


You could see a hellwing (summoned), a kobold demonologist, a red devil
(summoned) and a white imp (summoned).

Vanquished Creatures
  A two-headed ogre (D:9)
  An orc high priest (Bailey)
  4 kobold demonologists
  2 hornets (D:9)
  A troll (D:9)
  Sigmund (D:5)
  3 yaks (D:10)
  A wyvern (D:8)
  A steam dragon (D:6)
  Menkaure (D:7)
  2 sky beasts (D:6)
  6 orc warriors
  A hornet zombie (D:6)
  2 black bears
  An ice beast (D:7)
  2 centaurs
  2 phantoms
  5 kobold brigands
  2 bullfrogs
  A wyvern zombie (D:8)
  3 water moccasin zombies
  4 scorpions
  A water moccasin skeleton (D:7)
  11 wights
  4 killer bees (D:10)
  2 howler monkeys
  A crimson imp (D:9)
  A bullfrog zombie (D:5)
  5 centaur zombies
  4 hounds
  2 jellies (D:5)
  8 orc priests
  2 gnoll shamans
  A bullfrog skeleton (D:6)
  A centaur skeleton (D:6)
  A human zombie (D:6)
  An iguana (D:6)
  8 orc wizards
  Ijyb (D:5)
  A hound skeleton (D:5)
  5 mummies (D:6)
  A howler monkey zombie (D:9)
  20 gnolls
  2 adders
  2 shadow imps
  4 white imps
  A worm (D:3)
  36 orcs
  7 endoplasms
  2 giant cockroaches
  5 goblins
  6 hobgoblins
  6 jackals
  3 quokkas
  6 ball pythons
  7 bats
  3 frilled lizards
  14 kobolds
  3 rats
  A spectral goblin (D:5)
236 creatures vanquished.

Vanquished Creatures (collateral kills)
  A troll (D:10)
  A yak (D:10)
  A centaur (D:10)
  2 killer bees (D:10)
  An orc (D:10)
  A kobold (D:10)
7 creatures vanquished.

Vanquished Creatures (others)
  An orc wizard (D:8)
1 creature vanquished.

Grand Total: 244 creatures vanquished

Notes
Turn   | Place    | Note
-------+----------+-------------------------------------------
     0 | D:1      | jejorda2 the Draconian Berserker began the quest for the
                  | Orb.
     0 | D:1      | Reached XP level 1. HP: 19/19 MP: 1/1
   656 | D:1      | Found a faded altar of an unknown god.
   659 | D:1      | Reached XP level 2. HP: 24/26 MP: 2/2
  1299 | D:2      | Reached XP level 3. HP: 23/31 MP: 3/3
  1530 | D:2      | Reached ** piety under Trog
  1536 | D:2      | Reached skill level 4 in Long Blades
  1871 | D:2      | Reached XP level 4. HP: 36/40 MP: 4/4
  2325 | D:3      | Found a glowing golden altar of the Shining One.
  3153 | D:4      | Found a staircase to the Ecumenical Temple.
  3153 | D:4      | Noticed a bullfrog
  3156 | D:4      | Killed a bullfrog
  3157 | D:4      | Reached XP level 5. HP: 44/47 MP: 3/5
  3266 | D:4      | Reached skill level 5 in Long Blades
  3289 | D:4      | Reached XP level 6. HP: 14/53 MP: 2/6
  3846 | D:4      | Reached skill level 5 in Fighting
  3968 | D:4      | Found a burning altar of Makhleb.
  4064 | D:4      | Reached skill level 6 in Long Blades
  4068 | D:4      | Reached *** piety under Trog
  4069 | D:4      | Your scales start taking on a pale cyan-grey colour.
  4069 | D:4      | Reached XP level 7. HP: 61/61 MP: 7/7
  4069 | D:4      | Gained mutation: You are immune to the effects of steam.
                  | [Pale Draconian growth]
  4212 | D:4      | Found a blossoming altar of Fedhas.
  4212 | D:4      | Found a faded altar of an unknown god.
  4233 | D:4      | Found a basalt altar of Yredelemnul.
  4268 | D:4      | Found a radiant altar of Vehumet.
  4270 | D:4      | Found a shadowy altar of Dithmenos.
  4415 | D:5      | Entered Level 5 of the Dungeon
  4445 | D:5      | Found Zaggolix's Armour Emporium.
  4460 | D:5      | Bought a +0 buckler for 58 gold pieces
  4460 | D:5      | Bought a +0 pair of boots for 58 gold pieces
  4532 | D:5      | Noticed Ijyb
  4538 | D:5      | Reached skill level 1 in Shields
  4663 | D:5      | Killed Ijyb
  4746 | D:5      | Noticed Sigmund
  4757 | D:5      | Killed Sigmund
  4758 | D:5      | Reached skill level 7 in Long Blades
  4900 | D:5      | Reached XP level 8. HP: 70/70 MP: 8/8
  4956 | D:5      | Found a large runed translucent door.
  4957 | D:5      | Found a large runed translucent door.
  4969 | D:5      | Noticed mg7810's ghost (novice HuFi)
  4977 | D:5      | Found a stormy altar of Qazlal.
  5186 | D:5      | Found an iron altar of Okawaru.
  5693 | D:5      | Found a hazy altar of Hepliaklqana.
  5912 | D:6      | Reached skill level 8 in Long Blades
  6250 | D:6      | Reached skill level 13 in Long Blades
  6250 | D:6      | Reached XP level 9. HP: 75/75 MP: 9/9
  6251 | D:6      | Reached XP level 10. HP: 88/88 MP: 10/10
  6800 | D:5      | Bought a +1 cloak for 149 gold pieces
  6835 | D:6      | Found a shimmering altar of Xom.
  6885 | D:6      | Reached skill level 1 in Evocations
  7191 | D:6      | Reached **** piety under Trog
  7226 | D:6      | Found an ancient bone altar of Kikubaaqudgha.
  7345 | D:6      | Reached skill level 14 in Long Blades
  7563 | D:7      | You fall into a shaft and drop 2 floors!
  7716 | D:7      | Noticed Menkaure
  7722 | D:7      | Killed Menkaure
  7725 | D:7      | Found an ornate altar of the Wu Jian Council.
  8691 | D:8      | Identified the +10 war axe "Geosufepp" {drain, Dex+2}
  8864 | D:8      | Reached XP level 11. HP: 90/94 MP: 11/11
  9626 | D:9      | Noticed a two-headed ogre
  9628 | D:9      | Found a staircase to the Orcish Mines.
  9633 | D:9      | Killed a two-headed ogre
  9790 | D:9      | Found Niwilysh's Jewellery Boutique.
  9891 | D:9      | Found a bloodstained altar of Trog.
  9897 | D:9      | Found a transporter.
  9899 | D:9      | Noticed a two-headed ogre
  9900 | D:9      | Noticed a two-headed ogre
  9907 | D:9      | Noticed a two-headed ogre
  9908 | D:9      | Noticed a two-headed ogre
  9915 | D:9      | Found a transporter.
 10125 | D:9      | Found a sparkling altar of Nemelex Xobeh.
 10483 | D:10     | Entered Level 10 of the Dungeon
 10662 | D:10     | Found a flagged portal.
 10767 | Bailey   | Entered a bailey
 10856 | Bailey   | Noticed an orc high priest
 10875 | Bailey   | Found an iron altar of Okawaru.
 10877 | Bailey   | Noticed a sixfirhy
 10883 | Bailey   | Killed an orc high priest
 10884 | Bailey   | Reached skill level 15 in Long Blades
 10886 | Bailey   | Reached skill level 5 in Evocations
 10888 | Bailey   | Slain by a red devil

Illustrated notes

Levels and vault maps discovered:
D:1:      dpeg_arrival_shrine, layout_loops_ring,
          chequers_ecumenical_altar_grove, minmay_misc_feat_tower
D:2:      layout_loops_ring
D:3:      layout_basic, tso_oasis_becter
D:4:      layout_loops_ring, mainiacjoe_overflow_alcove_1,
          chequers_temple_overflow_minitemple, minmay_temple_entry_tees,
          kennysheep_generic_room_4
D:5:      layout_cave_pods, nicolae_hepliaklqana_monster_ancestors,
          okawaru_gym_becter, nicolae_qazlal_general_emergency,
          ebering_ghost_disaster_area, serial_shops, shop, uniq_sigmund,
          uniq_ijyb
D:6:      layout_basic, lemuel_mausoleum_altar_kikubaaqudgha,
          mainiacjoe_overflow_catwalk
D:7:      layout_cave_pools, mainiacjoe_overflow_24_doors,
          nicolae_underground_beach, uniq_menkaure
D:8:      black_bear_nest_2, layout_loops_ring
D:9:      layout_small_grid, nemelex_spade_bored_becter, david_orc_2,
          serial_shops, nicolae_shop_temple_entry_statues_fountains,
          gammafunk_ghost_wrathful_warriors, minmay_fire_ice_demons
D:10:     layout_basic, enter_bailey_2
Bailey:   bailey_axe_of_yendor_kennysheep, bailey

Skill      XL: |  1  2  3  4  5  6  7  8  9 10 11 |
---------------+----------------------------------+-----
Dodging        | 3 4 |  4.4
Long Blades    | 4 5 6 7 13 14 15 | 15.0
Fighting       | 4 5 6 8 9 |  9.8
Shields        | 2 3 8 |  8.0
Evocations     | 3 5 |  5.0

Action                   |  1- 3 |  4- 6 |  7- 9 | 10-12 || total
-------------------------+-------+-------+-------+-------++-------
Melee: Falchion          |    76 |   129 |   137 |    48 ||   390
       Tailslap          |     6 |    22 |    29 |    77 ||   134
       Unarmed           |       |       |     6 |       ||     6
       Scimitar          |       |       |       |   419 ||   419
Throw: Dart              |       |     2 |       |     4 ||     6
Invok: Berserk           |     2 |     5 |     8 |    11 ||    26
       Trog's Hand       |       |     2 |     3 |     1 ||     6
       Brothers in Arms  |       |       |       |     2 ||     2
 Abil: Breathe Steam     |       |       |       |     5 ||     5
Evoke: Wand              |       |       |       |     1 ||     1
  Use: Scroll            |       |       |    10 |     4 ||    14
       Potion            |       |       |     2 |       ||     2
 Stab: Sleeping          |     4 |     2 |       |       ||     6
       Distracted        |       |       |       |     1 ||     1
Armor: Skin              |    43 |    38 |    53 |   141 ||   275
Dodge: Dodged            |    67 |    58 |    71 |   175 ||   371
Block: Buckler           |       |       |    23 |    95 ||   118
       Rpst.: Falchion   |    19 |    14 |    21 |     3 ||    57
       Scimitar          |       |       |       |    48 ||    48
